cohdb
Replays
Latest Replays
All Replays
Popular Replays
Top Player Replays
Match Explorer
How It Works
Community
CoH3 Stats
Reddit
Sign in to upload your games and track your stats! →
Sign in with Steam
Match 43112733
Unlisted
Match 43112733
Overview
Messages
Build Orders
End
Construct Infanterie Kompanie
Selects Mechanized Battlegroup
MG 42 Machine Gun Team
Grenadier Squad
Grenadier Squad
Construct Panzergrenadier Kompanie
Pak 40 Anti-tank Gun Team
251 Medium Carrier
Selects Mobile Repair Stations
Panzergrenadier Squad
251 Medium Carrier
Panzergrenadier Squad
Construct Panzer Kompanie
Selects Stoßtruppen Assault Package
Selects Raid Package
Stoßtruppen Squad
Selects StuG Assault Group
Selects UNKNOWN (2160084)
Panther Heavy Tank
Pioneer Squad
Sturmpanzer IV Brummbär
Selects Zeroing Artillery Barrage
MG 42 Bunker
Stoßtruppen Squad
Zeroing Artillery Barrage
Panzer Officer Quarters
Zeroing Artillery Barrage
Panther Heavy Tank
Zeroing Artillery Barrage
Hodolf
ChoppingTactics
FLOKL
Gabe_Real
Turtleboy
Mace
0
0
Comments
sign in to comment!
No comments posted yet!